 Dungeon Crawl Stone Soup version 0.21.1-1-g345015f (webtiles) character file.

191212 diana the Brawler (level 18, -5/159 HPs)
             Began as a Ghoul Monk on May 24, 2018.
             Was the Champion of Cheibriados.
             Blown up by an orb spider (37 damage)
             ... with an orb of destruction
             ... on level 2 of the Spider Nest.
             The game lasted 04:31:10 (33251 turns).

diana the Brawler (Ghoul Monk)                     Turns: 33251, Time: 04:31:11

Health: -5/159     AC: 31    Str: 33    XL:     18   Next: 19%
Magic:  25/25      EV: 23    Int: 20    God:    Cheibriados [******]
Gold:   2425       SH: 21    Dex: 40    Spells: 21/27 levels left

rFire    . . .     SeeInvis .     - Unarmed
rCold    + + +     Gourm    .   l - +0 shield {reflect}
rNeg     + + +     Faith    .   C - +5 chain mail of Trumpets {*Drain rC++ rCorr Dex+9}
rPois    ∞         Spirit   .   N - +2 hat
rElec    .         Reflect  +   c - +0 cloak
rCorr    +         Harm     .   (no gloves)
MR       +....                  I - +0 pair of boots
Stlth    +.........             x - +5 amulet of reflection
HPRegen  0.00/turn              m - +3 ring of protection
MPRegen  0.19/turn              y - +6 ring of protection

@: rotting, very slow
A: rotting body, claws 1, carnivore, cold resistance 1, negative energy
resistance 3, inhibited regeneration, torment resistance, unbreathing
}: 1/15 runes: decaying
a: Bend Time, Temporal Distortion, Slouch, Step From Time, Renounce Religion


You were on level 2 of the Spider Nest.
You worshipped Cheibriados.
Cheibriados was exalted by your worship.
You were not hungry.

You visited 6 branches of the dungeon, and saw 30 of its levels.
You also visited: Labyrinth, Bailey and Ice Cave.

You collected 3155 gold pieces.
You spent 730 gold pieces at shops.

Inventory:

Armour
 a - a +2 pair of gloves of dexterity
 c - a +0 cloak (worn)
 k - a +0 crystal plate armour
 l - a +0 shield of reflection (worn)
 r - a +1 shield of protection
 C - the +5 chain mail of Trumpets (worn) {*Drain rC++ rCorr Dex+9}
   (You bought it in a shop on level 6 of the Dungeon)

   It affects your dexterity (+9).
   It greatly protects you from cold.
   It protects you from acid and corrosion.
   It causes draining when unequipped.
 I - a +0 pair of boots (worn)
 N - a +2 hat (worn)
Jewellery
 m - a +3 ring of protection (left claw)
 x - a +5 amulet of reflection (around neck)
 y - a +6 ring of protection (right claw)
 K - an uncursed ring of see invisible
Wands
 f - a wand of clouds (4)
 F - a wand of iceblast (23)
 Q - a wand of flame (41)
 R - a wand of disintegration (39)
 U - a wand of acid (19)
Scrolls
 d - 6 scrolls of remove curse
 e - 12 scrolls of teleportation
 j - 7 scrolls of fear
 n - 2 scrolls of noise {unknown}
 o - a scroll of silence
 q - 3 scrolls of magic mapping
 s - a scroll of enchant armour
 t - 3 scrolls of identify
 u - 2 scrolls of immolation {unknown}
 E - 2 scrolls of random uselessness {unknown}
 G - 2 scrolls of blinking
 J - a scroll of summoning
 L - 3 scrolls of amnesia {unknown}
 V - a scroll of brand weapon {unknown}
Potions
 h - 7 potions of curing
 i - 7 potions of flight
 p - 7 potions of agility
 v - 4 potions of ambrosia
 w - 2 potions of might
 z - 3 potions of magic
 A - a potion of heal wounds
 B - 2 potions of cancellation
 O - 6 potions of brilliance
 P - a potion of resistance {unknown}
Miscellaneous
 g - a phial of floods
 D - a phial of floods
 H - a phantom mirror
Comestibles
 b - 46 rations


   Skills:
 * Level 13.6 Fighting
 * Level 11.1 Armour
 * Level 11.8 Dodging
 - Level 2.2 Stealth
 * Level 11.1 Shields
 * Level 16.0 Unarmed Combat
 + Level 5.4 Spellcasting
 + Level 5.3 Conjurations
 - Level 2.3 Charms
 + Level 6.5 Necromancy
 + Level 5.3 Air Magic
 + Level 10.2 Invocations


You had 21 spell levels left.
You knew the following spells:

 Your Spells              Type           Power        Failure   Level  Hunger
a - Mephitic Cloud        Conj/Pois/Air  ###.....     38%         3    ##.....
b - Regeneration          Chrm/Necr      ###.......   28%         3    ##.....


Dungeon Overview and Level Annotations

Branches:
Dungeon (15/15)            Temple (1/1) D:4            Lair (6/6) D:8
  Swamp (4/4) Lair:3       Spider (2/4) Lair:2          Orc (2/2) D:11
    Elf (0/3) Orc:2        Vaults (0/5) D:14         Depths (0/5) D:15
  Slime: Lair:5-6

Altars:
Ashenzari
Cheibriados
Dithmenos
Elyvilon
Fedhas
Gozag
Hepliaklqana
Kikubaaqudgha
Makhleb
Nemelex Xobeh
Okawaru
Qazlal
Ru
Sif Muna
Trog
Uskayaw
Vehumet
Wu Jian
Xom
Yredelemnul
Zin
The Shining One
Beogh

Shops:
D:6 [   D:10 *   D:11 (   D:13 }   Orc:2 ([[(

Portals:
Trove: D:11 (give +6 ice dragon scales)

Annotations:
D:5 exclusion: statue
Lair:5 exclusion: oklob plant
Swamp:1 exclusion: Roxanne, Roxanne


Innate Abilities, Weirdness & Mutations

Your body is rotting away.
You thrive on raw meat.
You are immune to poison.
You have sharp fingernails.
You are carnivorous and can eat meat at any time.
Your flesh is cold resistant. (rC+)
You are immune to negative energy. (rN+++)
You do not regenerate when monsters are visible.
You are immune to unholy pain and torment.
You can survive without breathing.


Message History

The orb of destruction hits the orb spider.
You blow up the orb spider!
Cheibriados appreciates the change of pace.
The orb spider begins to weave its threads into a brightly glowing ball.
The orb spider spins a strand of pure energy.
The orb spider weaves a glowing orb of energy.
The orb spider spins a strand of pure energy.
Found a pair of gloves.
An orb of destruction comes into view.
The orb spider is too close now for your liking.
The orb spider weaves a glowing orb of energy.
An orb of destruction comes into view.
The orb of destruction hits you!
* * * LOW HITPOINT WARNING * * *
The orb spider weaves a glowing orb of energy.
The orb spider begins to weave its threads into a brightly glowing ball.
An orb of destruction comes into view.
The orb spider begins to weave its threads into a brightly glowing ball.
The orb of destruction hits you!
You die...

#≈≈..............##
≈§.......≈≈.≈.....##
....#≈≈≈≈≈≈≈.......#
..≈.≈≈≈≈..≈≈≈≈#....#
..#.≈≈.^..≈≈≈%#..≈.#
..^.≈≈.##..≈≈.≈≈...##
..≈≈≈≈..^..s§§§..[..#
.≈...≈≈..^##s§§§...##
......≈.#%.≈≈≈.#@..#
..≈...≈....≈≈≈.....#
...#..≈≈≈≈≈≈≈......#
....#.≈≈≈........#.#
...........≈.......#
...... ........####
#....) ....### ..##


You could see 2 orb spiders.

Vanquished Creatures
  Mara (Swamp:4)
  Nikola (Swamp:1)
  The ghost of empire the Severer, an adept MiFi of Cheibriados (Spider:2)
  Frances (Swamp:2)
  Gastronok (Lair:1)
  2 thorn hunters (Swamp:4)
  Donald (Spider:1)
  Aizul (Swamp:4)
  Louise (Swamp:2)
  2 emperor scorpions
  A dire elephant (D:15)
  A minotaur (Lab)
  A fire dragon (Lair:6)
  Fannar (D:10)
  Harold (Lair:2)
  5 vault guards (D:14)
  21 hydras
  16 alligators
  A ghost crab (Swamp:4)
  Erolcha (Orc:2)
  2 centaur warriors
  A catoblepas (Lair:6)
  5 two-headed ogres
  An ogre mage (D:14)
  4 orc high priests
  A tengu warrior (D:15)
  11 death yaks
  3 spriggans (Swamp:2)
  Sonja (Lair:3)
  4 spriggan druids
  12 swamp dragons
  3 skeletal warriors (D:12)
  A wizard (D:14)
  A necromancer (IceCv)
  5 shambling mangroves
  A lindwurm (Lair:6)
  8 orc knights
  10 orb spiders
  7 wolf spiders
  3 orc sorcerers (Orc:2)
  2 cyclopes
  17 ugly things
  A salamander (D:15)
  A manticore (D:13)
  A moth of wrath (Spider:1)
  3 ice statues (IceCv)
  5 black mambas
  A torpor snail (Spider:2)
  Joseph (D:7)
  14 spiny frogs
  2 molten gargoyles (Lair:6)
  2 gargoyles (D:14)
  5 centaur skeletons
  4 demonic crawlers
  4 rime drakes
  12 komodo dragons
  3 efreet
  11 ice devils (IceCv)
  A freezing wraith (D:15)
  8 polar bears
  19 blink frogs
  12 jumping spiders
  6 meliai
  9 hornets
  8 bog bodies
  9 tyrant leeches
  7 trolls
  17 slime creatures
  A meliai zombie (D:13)
  4 hippogriffs
  A centaur simulacrum (D:13)
  2 vampires
  3 shadows
  6 tarantellas
  52 yaks
  Sigmund (D:4)
  33 redbacks
  6 wyverns
  A wraith (D:8)
  7 basilisks
  A hog (shapeshifter) (D:15)
  11 vampire mosquitoes
  2 steam dragons (Lair:6)
  5 wargs
  An acid dragon (D:13)
  15 swamp worms
  4 hell hounds (Lair:6)
  15 insubstantial wisps
  7 water moccasins
  11 porcupines
  A soldier ant (D:10)
  24 orc warriors
  3 black bears
  12 swamp drakes
  3 phantoms
  5 ice beasts
  A sky beast (D:12)
  4 ogres
  7 wolves
  An eye of draining (D:15)
  5 centaurs
  12 crocodiles
  14 bullfrogs
  3 big kobolds
  A gnoll sergeant (D:9)
  Blork the orc (D:9)
  A wyvern zombie (D:14)
  3 scorpions
  6 killer bees (D:9)
  A troll zombie (D:11)
  2 wights (D:9)
  9 howler monkeys
  7 electric eels
  5 lava snakes (Lair:6)
  2 draconian simulacra (IceCv)
  4 crimson imps
  A quasit (D:13)
  2 bullfrog skeletons
  4 jellies
  18 orc priests
  A gnoll shaman (D:8)
  8 hounds
  28 orc wizards
  2 iguanas
  A spriggan simulacrum (IceCv)
  16 worker ants
  4 troll simulacra (IceCv)
  A killer bee zombie (D:5)
  7 ogre zombies (D:11)
  A bullfrog simulacrum (D:13)
  A howler monkey zombie (D:6)
  18 gnolls
  3 naga simulacra (IceCv)
  16 adders
  A shadow imp (D:9)
  3 ufetubi (D:13)
  6 oozes
  2 adder zombies
  5 worms
  A dart slug (D:4)
  6 leopard geckos
  69 orcs
  A giant cockroach (D:5)
  14 goblins
  9 hobgoblins
  8 jackals
  4 quokkas
  A ball python (D:2)
  6 bats
  3 frilled lizards
  2 goblin skeletons (D:11)
  4 goblin zombies (D:11)
  2 hobgoblin zombies (D:11)
  A jackal zombie (D:5)
  25 kobolds
  2 leopard gecko skeletons
  4 orc skeletons (D:11)
  13 orc zombies (D:11)
  5 rats
  A briar patch (Swamp:4)
986 creatures vanquished.

Vanquished Creatures (others)
  A tengu warrior (D:15)
  A swamp dragon (Swamp:4)
  4 cyclopes
  A swamp worm (Swamp:4)
  2 orc warriors
  2 centaurs
  2 orcs
  A hobgoblin (D:5)
  9 kobolds
  6 briar patches (Swamp:4)
  5 fungi
34 creatures vanquished.

Grand Total: 1020 creatures vanquished

Notes
Turn   | Place    | Note
-------+----------+-------------------------------------------
     0 | D:1      | diana the Ghoul Monk began the quest for the Orb.
     0 | D:1      | Reached XP level 1. HP: 19/19 MP: 0/0
   170 | D:1      | Reached XP level 2. HP: 25/25 MP: 1/1
   707 | D:2      | Found a white marble altar of Elyvilon.
   718 | D:2      | Reached XP level 3. HP: 26/33 MP: 2/2
   773 | D:2      | Reached skill level 4 in Unarmed Combat
   927 | D:2      | Found a bloodstained altar of Trog.
  1093 | D:1      | Reached XP level 4. HP: 19/40 MP: 3/3
  1599 | D:3      | Reached skill level 5 in Unarmed Combat
  1599 | D:3      | Reached XP level 5. HP: 35/46 MP: 4/4
  1638 | D:3      | Found a shadowy altar of Dithmenos.
  2482 | D:4      | Reached XP level 6. HP: 52/52 MP: 5/5
  2683 | D:3      | Reached skill level 6 in Unarmed Combat
  2884 | D:3      | Reached skill level 1 in Shields
  3264 | D:4      | Reached XP level 7. HP: 41/60 MP: 6/6
  3308 | D:4      | Found a staircase to the Ecumenical Temple.
  3317 | Temple   | Entered the Ecumenical Temple
  3395 | Temple   | Became a worshipper of Cheibriados the Contemplative
  3395 | Temple   | Reached * piety under Cheibriados
  3395 | Temple   | Reached ** piety under Cheibriados
  3418 | D:4      | Found a shattered altar of Ashenzari.
  3420 | D:4      | Found a hide-covered altar of Uskayaw.
  3527 | D:4      | Found a white marble altar of Elyvilon.
  3611 | D:4      | Reached skill level 1 in Armour
  3739 | D:4      | Found a glowing silver altar of Zin.
  3740 | D:4      | Found an opulent altar of Gozag.
  3885 | D:4      | Noticed Sigmund
  4108 | D:4      | Killed Sigmund
  4108 | D:4      | Reached skill level 5 in Fighting
  4274 | D:5      | Entered Level 5 of the Dungeon
  4275 | D:5      | Reached skill level 7 in Unarmed Combat
  4300 | D:5      | Found a radiant altar of Vehumet.
  4427 | D:5      | Reached XP level 8. HP: 67/68 MP: 7/7
  4526 | D:5      | Found a stormy altar of Qazlal.
  4527 | D:5      | Found a hazy altar of Hepliaklqana.
  4852 | D:5      | Found an iron altar of Okawaru.
  4861 | D:5      | Reached *** piety under Cheibriados
  5292 | D:6      | Found Huopreb's Antique Armour Emporium.
  5528 | D:6      | Bought a polished chain mail for 266 gold pieces
  5530 | D:6      | Identified the +5 chain mail of Trumpets {*Drain rC++ rCorr Dex+9} (You bought it in a shop on level 6 of the Dungeon)
  5759 | D:6      | Reached skill level 5 in Dodging
  5759 | D:6      | Reached skill level 8 in Unarmed Combat
  5872 | D:6      | Found an opulent altar of Gozag.
  6032 | D:7      | Got a crystal rapier
  6033 | D:7      | Identified the +8 rapier of Dithmenos's Generosity {pierce, rN+ Dex+4} (You found it on level 7 of the Dungeon)
  6265 | D:7      | Found a blossoming altar of Fedhas.
  6328 | D:7      | Noticed Joseph
  6343 | D:7      | Killed Joseph
  6343 | D:7      | Reached XP level 9. HP: 44/74 MP: 8/8
  6624 | D:8      | Reached **** piety under Cheibriados
  6712 | D:8      | Reached skill level 1 in Invocations
  6908 | D:8      | Found a flagged portal.
  6917 | Bailey   | Entered a bailey
  6942 | Bailey   | Noticed an orc knight
  6951 | Bailey   | Noticed an orc knight
  7026 | Bailey   | Killed an orc knight
  7026 | Bailey   | Reached skill level 9 in Unarmed Combat
  7168 | Bailey   | Killed an orc knight
  7168 | Bailey   | Reached XP level 10. HP: 77/86 MP: 9/11
  7522 | D:8      | Reached ***** piety under Cheibriados
  7839 | D:8      | Found a staircase to the Lair.
  8406 | D:9      | Reached skill level 10 in Unarmed Combat
  8507 | D:9      | Noticed Blork the orc
  8528 | D:9      | Killed Blork the orc
  8575 | D:9      | Reached skill level 5 in Shields
  8698 | D:9      | Noticed a two-headed ogre
  8709 | D:9      | Killed a two-headed ogre
  8709 | D:9      | Reached skill level 5 in Armour
  8711 | D:9      | Reached XP level 11. HP: 48/94 MP: 9/13
  8855 | D:9      | Found a sparkling altar of Nemelex Xobeh.
  8994 | D:9      | Found an ornate altar of the Wu Jian Council.
  9202 | D:10     | Entered Level 10 of the Dungeon
  9206 | D:10     | Noticed a two-headed ogre
  9207 | D:10     | Noticed a cyclops
  9344 | D:10     | Reached skill level 11 in Unarmed Combat
  9356 | D:10     | Killed a two-headed ogre
  9356 | D:10     | Reached skill level 5 in Invocations
  9596 | D:10     | Killed a cyclops
  9964 | D:10     | Found Imepa's Changing Room.
 10215 | D:10     | Noticed Fannar
 10241 | D:10     | Killed Fannar
 10534 | D:10     | Noticed a two-headed ogre
 10543 | D:10     | Killed a two-headed ogre
 10708 | Lair:1   | Entered Level 1 of the Lair of Beasts
 10729 | Lair:1   | Noticed Gastronok
 10755 | Lair:1   | Killed Gastronok
 10871 | Lair:1   | Got a creamy pearl robe
 10872 | Lair:1   | Identified the cursed +0 robe "Ilougiuv" {Dex+3 SInv} (You found it on level 1 of the Lair of Beasts)
 10968 | Lair:1   | Found a shimmering altar of Xom.
 11079 | Lair:1   | Reached skill level 12 in Unarmed Combat
 11089 | Lair:1   | Reached XP level 12. HP: 90/102 MP: 15/15
 11551 | Lair:2   | Noticed a six-headed hydra
 11556 | Lair:2   | Reached ****** piety under Cheibriados
 11563 | Lair:2   | Killed a six-headed hydra
 11665 | Lair:2   | Found a labyrinth entrance.
 11706 | Lab      | Entered a labyrinth
 12605 | Lab      | Noticed a minotaur
 12611 | Lab      | Killed a minotaur
 12614 | Lab      | Got amethyst-encrusted storm dragon scales
 12766 | Lair:2   | Found a hole to the Spider Nest.
 12803 | Lair:2   | Noticed Harold
 12814 | Lair:2   | Killed Harold
 13029 | Lair:2   | Noticed a seven-headed hydra
 13039 | Lair:2   | Killed a seven-headed hydra
 13039 | Lair:2   | Reached skill level 13 in Unarmed Combat
 13490 | Lair:1   | Identified the +1 storm dragon scales of Botiysyw {-Cast rElec rPois rF- rN+++ rCorr} (You took it off a minotaur in a labyrinth)
 13540 | Lair:3   | Found a staircase to the Swamp.
 13592 | Lair:3   | Reached XP level 13. HP: 112/112 MP: 17/17
 13597 | Lair:3   | Learned a level 3 spell: Mephitic Cloud
 13601 | Lair:3   | Learned a level 3 spell: Regeneration
 14201 | Lair:3   | Noticed Sonja
 14277 | Lair:3   | Killed Sonja
 14277 | Lair:3   | Reached skill level 10 in Fighting
 14597 | Lair:4   | Reached skill level 1 in Charms
 14640 | Lair:4   | Reached skill level 1 in Necromancy
 14711 | Lair:4   | Reached skill level 1 in Spellcasting
 14892 | Lair:4   | Reached skill level 1 in Air Magic
 14909 | Lair:4   | Reached skill level 1 in Conjurations
 15107 | Lair:4   | You fall through a shaft for 2 floors!
 15107 | Lair:6   | Entered Level 6 of the Lair of Beasts
 15662 | Lair:5   | You fall through a shaft!
 16319 | Lair:5   | Reached XP level 14. HP: 122/122 MP: 19/19
 17423 | Lair:6   | Found a large runed door.
 17424 | Lair:6   | Found a large runed door.
 18079 | D:11     | Reached skill level 14 in Unarmed Combat
 18469 | D:11     | Found a staircase to the Orcish Mines.
 18634 | D:11     | Found Silotie's Weapon Boutique.
 18689 | D:11     | Found a portal to a secret trove of treasure.
 19893 | D:13     | Found a frozen archway.
 19913 | IceCv    | Entered an ice cave
 20487 | D:13     | Found Hiute's Gadget Boutique.
 21032 | D:13     | Reached XP level 15. HP: 120/129 MP: 20/20
 21726 | D:13     | Got a slimy robe
 22021 | D:14     | Reached skill level 10 in Dodging
 22337 | D:14     | Found a gate to the Vaults.
 22947 | D:15     | Entered Level 15 of the Dungeon
 23700 | D:15     | Got a fine leather armour
 23877 | D:15     | Found a staircase to the Depths.
 24385 | Orc:1    | Entered Level 1 of the Orcish Mines
 24710 | Orc:1    | Found a roughly hewn altar of Beogh.
 24878 | Orc:2    | Entered Level 2 of the Orcish Mines
 24926 | Orc:2    | Found a staircase to the Elven Halls.
 24979 | Orc:2    | Reached XP level 16. HP: 138/138 MP: 21/21
 25026 | Orc:2    | Noticed Erolcha
 25033 | Orc:2    | Killed Erolcha
 26019 | Orc:2    | Found Loci's Antique Weapon Emporium.
 26019 | Orc:2    | Found Fofughaq's Weapon Boutique.
 26021 | Orc:2    | Found Aguh's Armour Emporium.
 26021 | Orc:2    | Found Qewkiebb's Antique Armour Boutique.
 26211 | Orc:2    | Bought a pair of runed gloves for 232 gold pieces
 26211 | Orc:2    | Bought a runed shield for 232 gold pieces
 26633 | Swamp:1  | Entered Level 1 of the Swamp
 26848 | Swamp:1  | Noticed Roxanne
 26967 | Swamp:1  | Noticed Nikola
 26973 | Swamp:1  | Reached skill level 15 in Unarmed Combat
 26991 | Swamp:1  | Killed Nikola
 26991 | Swamp:1  | Reached skill level 5 in Necromancy
 27525 | Swamp:2  | Reached skill level 10 in Shields
 27540 | Swamp:2  | Reached skill level 10 in Armour
 27973 | Swamp:2  | Noticed Frances
 27985 | Swamp:2  | Killed Frances
 28003 | Swamp:2  | Noticed Louise
 28024 | Swamp:2  | Killed Louise
 29519 | Swamp:4  | Entered Level 4 of the Swamp
 29520 | Swamp:4  | Noticed a thorn hunter
 29539 | Swamp:4  | Killed a thorn hunter
 29606 | Swamp:4  | Reached XP level 17. HP: 148/148 MP: 23/23
 29899 | Swamp:3  | HP: 7/149 [alligator (17)]
 30357 | Swamp:4  | Noticed Mara
 30422 | Swamp:4  | Noticed diana's illusion
 30438 | Swamp:4  | Killed Mara
 30438 | Swamp:4  | Reached skill level 5 in Conjurations
 30442 | Swamp:4  | Reached skill level 10 in Invocations
 30590 | Swamp:4  | Got a decaying rune of Zot
 30611 | Swamp:4  | Noticed Aizul
 30634 | Swamp:4  | Killed Aizul
 30654 | Swamp:4  | Reached skill level 5 in Air Magic
 30704 | Swamp:4  | Reached skill level 5 in Spellcasting
 31581 | Spider:1 | Entered Level 1 of the Spider Nest
 32193 | Spider:1 | Noticed Donald
 32217 | Spider:1 | Killed Donald
 32484 | Spider:2 | Noticed empire's ghost (adept MiFi)
 32518 | Spider:2 | Killed empire's ghost
 32518 | Spider:2 | Reached XP level 18. HP: 73/158 MP: 24/24
 33028 | Spider:2 | Reached skill level 16 in Unarmed Combat
 33251 | Spider:2 | Blown up by an orb spider

Skill      XL: |  1  2  3  4  5  6  7  8  9 10 11 12 13 14 15 16 17 18 |
---------------+-------------------------------------------------------+-----
Dodging        | 3 4 5 6 7 8 9 10 11 | 11.8
Unarmed Combat | 4 5 6 7 8 9 10 12 13 14 15 16 | 16.0
Fighting       | 4 5 6 7 8 9 10 11 12 13 | 13.6
Shields        | 1 2 3 4 5 6 7 8 9 10 11 | 11.1
Armour         | 2 4 5 6 7 8 9 10 11 | 11.1
Invocations    | 3 4 6 7 8 9 10 | 10.2
Charms         | 2 |  2.3
Necromancy     | 2 3 4 5 6 |  6.5
Spellcasting   | 2 3 4 5 |  5.4
Air Magic      | 1 3 4 5 |  5.3
Conjurations   | 1 2 3 4 5 |  5.3
Stealth        | |  2.2

Action                   |  1- 3 |  4- 6 |  7- 9 | 10-12 | 13-15 | 16-18 || total
-------------------------+-------+-------+-------+-------+-------+-------++-------
Melee: Unarmed           |    81 |   201 |   343 |   544 |  1700 |  1348 ||  4217
       Punch             |     1 |     6 |     4 |       |       |       ||    11
Throw: Throwing net      |       |       |       |       |     3 |     1 ||     4
Invok: Slouch            |       |       |       |     1 |     1 |     6 ||     8
       Step From Time    |       |       |       |       |     1 |       ||     1
       Temporal Distorti |       |       |       |       |       |     3 ||     3
       Bend Time         |       |       |       |       |       |     1 ||     1
Evoke: Phantom mirror    |       |       |       |       |     1 |       ||     1
       Wand              |       |       |       |       |     6 |     1 ||     7
       Phial of floods   |       |       |       |       |       |     1 ||     1
  Use: Potion            |       |     1 |     2 |     2 |     3 |     4 ||    12
       Scroll            |       |       |    13 |     7 |    12 |     5 ||    37
 Stab: Sleeping          |     3 |     3 |     4 |       |       |       ||    10
       Confused          |       |       |       |       |       |     1 ||     1
       Invisible         |       |       |       |       |       |     3 ||     3
  Eat: Chunk             |     8 |    16 |    13 |    66 |   167 |   144 ||   414
Armor: Robe              |    13 |    46 |       |       |       |       ||    59
       Leather armour    |       |     1 |    36 |       |       |       ||    37
       Chain mail        |       |       |    37 |   283 |   445 |   427 ||  1192
Dodge: Dodged            |    58 |   139 |   140 |   335 |   793 |   878 ||  2343
Block: Other             |       |       |    15 |       |       |       ||    15
       Shield            |       |       |   228 |   611 |  1759 |  1516 ||  4114
       Reflection        |       |       |    45 |    17 |    57 |    11 ||   130
